 Dungeon Crawl Stone Soup version 0.22.1-6-g1668fe2 (webtiles) character file.

6185 dengdeng the Carver (level 10, -29/86 HPs)
             Began as a Minotaur Berserker on Jan 28, 2019.
             Was an Elder of Trog.
             Killed from afar by a wizard (47 damage)
             ... with a crystal spear
             ... on level 10 of the Dungeon.
             The game lasted 00:31:59 (8444 turns).

dengdeng the Carver (Minotaur Berserker)            Turns: 8444, Time: 00:32:00

Health: -29/86     AC: 24    Str: 25    XL:     10   Next: 60%
Magic:  9/9        EV:  9    Int:  4    God:    Trog [****..]
Gold:   289        SH:  0    Dex: 10    Spells: 9/9 levels left

rFire    . . .     SeeInvis .   T - +0 great sword
rCold    . . .     Gourm    .   (shield currently unavailable)
rNeg     . . .     Faith    .   y - +7 plate armour
rPois    .         Spirit   .   (helmet restricted)
rElec    .         Reflect  .   v - +2 cloak {MR+}
rCorr    .         Harm     .   (no gloves)
MR       +....                  (no boots)
Stlth    ..........             (no amulet)
HPRegen  0.24/turn              (no ring)
MPRegen  0.11/turn              (no ring)

@: no status effects
A: retaliatory headbutt, horns 2
a: Berserk, Trog's Hand, Brothers in Arms, Renounce Religion


You were on level 10 of the Dungeon.
You worshipped Trog.
Trog was greatly pleased with you.
You were not hungry.

You visited 1 branch of the dungeon, and saw 10 of its levels.

You collected 289 gold pieces.

Inventory:

Hand Weapons
 a - a +0 falchion
 S - a +3 long sword
 T - a +0 great sword (weapon)
Missiles
 p - 219 stones (quivered)
 x - 3 javelins
Armour
 v - a +2 cloak of magic resistance (worn)
 y - a +7 plate armour (worn)
 Q - a +0 large shield
Jewellery
 b - an uncursed ring of ice {unknown}
 f - a cursed ring of attention {unknown}
 m - an uncursed amulet of the gourmand {unknown}
 q - an uncursed ring of protection from magic {unknown}
 C - a +2 ring of intelligence {unknown}
 D - the amulet "Oset Vie" {Acrobat rF++ rN++ Dex-5, unknown}
   (You found it on level 4 of the Dungeon)

   [amulet of the acrobat]

   It helps you evade while moving and waiting.
   It affects your dexterity (-5).
   It greatly protects you from fire.
   It greatly protects you from negative energy.
 G - a +4 amulet of reflection {unknown}
 H - an uncursed amulet of the gourmand {unknown}
 K - a cursed ring of teleportation {unknown}
Wands
 A - a wand of random effects (29)
 F - a wand of paralysis (10)
 R - a wand of iceblast (5)
Scrolls
 d - 10 scrolls of identify
 e - 3 scrolls of teleportation
 h - 4 scrolls of remove curse
 k - 3 scrolls of amnesia {unknown}
 l - a scroll of immolation {unknown}
 n - 2 scrolls of fear {unknown}
 o - 3 scrolls of magic mapping {unknown}
 s - 2 scrolls of enchant weapon {unknown}
 w - 2 scrolls of noise {unknown}
 B - a scroll of random uselessness {unknown}
 L - a scroll of blinking {unknown}
 P - a scroll of fog {unknown}
Potions
 g - 2 potions of magic {unknown}
 i - a potion of degeneration {unknown}
 r - 2 potions of heal wounds
 t - 6 potions of lignification {unknown}
 u - a potion of agility {unknown}
 z - 2 potions of ambrosia {unknown}
 E - 2 potions of curing {unknown}
 I - a potion of invisibility {unknown}
 J - a potion of mutation {unknown}
 N - a potion of brilliance
 O - 2 potions of berserk rage
Comestibles
 c - 13 rations
 j - 2 chunks of flesh


   Skills:
 + Level 7.4 Fighting
 * Level 14.5 Long Blades
 + Level 8.4 Armour
 + Level 4.1 Dodging
 + Level 0.7 Stealth
 + Level 5.0 Shields


You had 9 spell levels left.
You didn't know any spells.
Your spell library was empty.

Dungeon Overview and Level Annotations

Branches:
Dungeon (10/15)            Temple (0/1) D:4
   Lair: D:8-11         Orc: D:9-12

Altars:
Ashenzari
Cheibriados
Dithmenos
Elyvilon
Fedhas
Hepliaklqana
Kikubaaqudgha
Nemelex Xobeh
Okawaru
Qazlal
Sif Muna
Trog
Uskayaw
Wu Jian
Yredelemnul
Zin
The Shining One

Shops:
D:7 [


Innate Abilities, Weirdness & Mutations

You reflexively headbutt those who attack you in melee.
You have a pair of horns on your head.


Message History

You closely miss the wizard.
The wizard is moderately wounded.
The wizard hits you but does no damage.
You are electrocuted!
You closely miss the wizard.
The wizard is moderately wounded.
The wizard hits you but does no damage.
You are electrocuted!
Your plate armour prevents you from hitting the wizard.
The wizard is moderately wounded.
The wizard casts a spell at you. The crystal spear hits you!
* * * LOW HITPOINT WARNING * * *
You miss the wizard.
The wizard is moderately wounded.
The wizard hits you but does no damage.
You slice the wizard!!
The wizard is almost dead.
The wizard gestures at you while chanting.
The crystal spear hits you!
Ouch! That really hurt!
You die...

.#.................#
.................#
................##
####.....#.....##
####.######## #.#
#†# #.# #@# #p# #.#
#!. ##. .# .. ..


You could see a wizard.

Vanquished Creatures
  Harold (D:8)
  2 two-headed ogres
  A troll (D:9)
  A hippogriff (D:7)
  A wraith (D:10)
  Duvessa (D:7)
  3 black bears
  A sky beast (D:7)
  A phantom (D:4)
  9 ogres
  5 centaurs
  A big kobold (D:8)
  2 bullfrogs
  Dowan (D:7)
  3 scorpions
  5 killer bees (D:8)
  5 wights (D:7)
  2 howler monkeys
  A bullfrog zombie (D:10)
  2 crimson imps
  A centaur zombie (D:9)
  2 hounds
  A bullfrog skeleton (D:6)
  2 orc priests
  A jelly (D:7)
  Crazy Yiuf (D:2)
  An iron imp (D:6)
  A centaur skeleton (D:6)
  Terence (D:2)
  3 orc wizards
  Natasha (thrice) (D:2)
  7 worker ants
  2 killer bee zombies
  A hound skeleton (D:6)
  A worker ant zombie (D:7)
  10 adders
  4 gnolls (D:8)
  2 adder skeletons
  6 worms
  A dart slug (D:3)
  5 leopard geckos
  29 orcs
  9 bats
  8 giant cockroaches
  9 goblins
  3 hobgoblins
  2 jackals (D:3)
  9 kobolds
  5 quokkas
  2 ball pythons
  A ball python skeleton (D:4)
  9 frilled lizards
  2 goblin skeletons (D:6)
  3 hobgoblin zombies (D:6)
  3 jackal skeletons
  2 kobold zombies (D:6)
  A leopard gecko skeleton (D:8)
  2 orc skeletons (D:6)
  2 orc zombies (D:6)
  A quokka skeleton (D:4)
  6 rats
212 creatures vanquished.

Notes
Turn   | Place    | Note
-------+----------+-------------------------------------------
     0 | D:1      | dengdeng the Minotaur Berserker began the quest for the
                  | Orb.
     0 | D:1      | Reached XP level 1. HP: 19/19 MP: 0/0
   213 | D:1      | Reached XP level 2. HP: 27/27 MP: 1/1
   372 | D:1      | Reached skill level 4 in Long Blades
   858 | D:2      | Noticed Terence
   865 | D:2      | Killed Terence
   865 | D:2      | Reached XP level 3. HP: 34/34 MP: 2/2
   939 | D:2      | Reached ** piety under Trog
  1068 | D:2      | Found a runed door.
  1236 | D:2      | Noticed Natasha
  1244 | D:2      | Killed Natasha
  1244 | D:2      | Reached XP level 4. HP: 29/41 MP: 3/3
  1259 | D:2      | Noticed Natasha
  1265 | D:2      | Killed Natasha
  1290 | D:2      | Noticed Natasha
  1299 | D:2      | Killed Natasha
  1464 | D:2      | Reached skill level 5 in Long Blades
  1464 | D:2      | Reached XP level 5. HP: 47/47 MP: 4/4
  1586 | D:2      | Noticed Crazy Yiuf
  1592 | D:2      | Killed Crazy Yiuf
  1627 | D:2      | HP: 2/47 [poisoned by Crazy Yiuf]
  2017 | D:3      | Reached *** piety under Trog
  2017 | D:3      | Reached skill level 5 in Fighting
  2044 | D:3      | Reached XP level 6. HP: 56/56 MP: 5/5
  2380 | D:3      | You fall through a shaft for 2 floors!
  2380 | D:5      | Entered Level 5 of the Dungeon
  2536 | D:5      | Reached skill level 6 in Long Blades
  2962 | D:5      | Found a hide-covered altar of Uskayaw.
  2975 | D:5      | Reached skill level 7 in Long Blades
  2975 | D:5      | Reached skill level 5 in Armour
  2975 | D:5      | Reached XP level 7. HP: 60/61 MP: 6/6
  3338 | D:4      | Reached skill level 8 in Long Blades
  3569 | D:4      | Reached XP level 8. HP: 51/70 MP: 7/7
  3785 | D:4      | Reached skill level 9 in Long Blades
  3940 | D:4      | Got a pitted ruby amulet
  3986 | D:4      | Found a staircase to the Ecumenical Temple.
  4285 | D:6      | Found a stormy altar of Qazlal.
  4285 | D:6      | Found a white marble altar of Elyvilon.
  4297 | D:6      | Found a hazy altar of Hepliaklqana.
  4305 | D:6      | Found an ornate altar of the Wu Jian Council.
  4488 | D:6      | Reached skill level 10 in Long Blades
  4490 | D:6      | Found a glowing golden altar of the Shining One.
  4769 | D:6      | Reached **** piety under Trog
  5178 | D:7      | Found a shattered altar of Ashenzari.
  5591 | D:7      | Found Zokigrio's Armour Boutique.
  5619 | D:7      | Found a shadowy altar of Dithmenos.
  5665 | D:7      | Reached skill level 11 in Long Blades
  5883 | D:7      | Found a snail-covered altar of Cheibriados.
  5892 | D:7      | Found an ancient bone altar of Kikubaaqudgha.
  5895 | D:7      | Found a basalt altar of Yredelemnul.
  5896 | D:7      | Found a deep blue altar of Sif Muna.
  5896 | D:7      | Found a glowing silver altar of Zin.
  5896 | D:7      | Found a bloodstained altar of Trog.
  5904 | D:7      | Found a blossoming altar of Fedhas.
  5905 | D:7      | Found a sparkling altar of Nemelex Xobeh.
  5965 | D:7      | Noticed Duvessa
  5972 | D:7      | Reached XP level 9. HP: 74/75 MP: 8/8
  5983 | D:7      | Killed Duvessa
  5989 | D:7      | Noticed Dowan
  6019 | D:7      | Killed Dowan
  6026 | D:7      | Reached skill level 12 in Long Blades
  6026 | D:7      | Reached skill level 1 in Shields
  6101 | D:7      | Found an iron altar of Okawaru.
  6581 | D:8      | Noticed a two-headed ogre
  6594 | D:8      | Killed a two-headed ogre
  6883 | D:8      | Noticed Harold
  6901 | D:8      | Killed Harold
  6901 | D:8      | Reached skill level 13 in Long Blades
  6901 | D:8      | Reached XP level 10. HP: 72/86 MP: 9/9
  7338 | D:9      | Noticed a two-headed ogre
  7343 | D:9      | Killed a two-headed ogre
  7343 | D:9      | Reached skill level 5 in Shields
  7527 | D:9      | Reached skill level 14 in Long Blades
  7530 | D:9      | Reached ***** piety under Trog
  8380 | D:10     | Entered Level 10 of the Dungeon
  8430 | D:10     | Noticed a wizard
  8444 | D:10     | Killed from afar by a wizard

Skill      XL: |  1  2  3  4  5  6  7  8  9 10 |
---------------+-------------------------------+-----
Fighting       | 4 5 6 7 |  7.4
Long Blades    | 4 5 7 8 11 13 14 | 14.5
Armour         | 3 4 5 6 7 8 |  8.4
Dodging        | 3 4 |  4.1
Shields        | 4 5 |  5.0
Stealth        | |  0.7

Action                   |  1- 3 |  4- 6 |  7- 9 | 10-12 || total
-------------------------+-------+-------+-------+-------++-------
Melee: Falchion          |    66 |   126 |   256 |       ||   448
       Headbutt          |     9 |    37 |    69 |    17 ||   132
       Long sword        |       |       |    40 |       ||    40
       Great sword       |       |       |    30 |    77 ||   107
Throw: Stone             |       |       |     9 |       ||     9
Invok: Berserk           |     1 |       |     2 |       ||     3
       Trog's Hand       |       |     3 |     3 |     1 ||     7
  Use: Potion            |       |     3 |     2 |       ||     5
       Scroll            |       |       |    11 |       ||    11
  Eat: Chunk             |     2 |     7 |    11 |     6 ||    26
       Ration            |       |       |     1 |       ||     1
Armor: Ring mail         |    24 |    58 |       |       ||    82
       Animal skin       |     4 |       |       |       ||     4
       Plate armour      |       |       |   267 |    57 ||   324
Dodge: Dodged            |    40 |    89 |   119 |    31 ||   279
Block: Large shield      |       |       |   129 |       ||   129
       Rpst.: Falchion   |    14 |    23 |    23 |       ||    60
       Long sword        |       |       |     5 |       ||     5
       Great sword       |       |       |     2 |     7 ||     9
